 Dungeon Crawl Stone Soup version 0.32-a0-427-g448f42529f (webtiles) character file.

Game seed: 16190781239906682388

17502 Revguard the Carver (level 12, -9/91 (93) HPs)
             Began as a Demonspawn Gladiator on Feb 22, 2024.
             Was a Follower of Uskayaw.
             Killed by divine providence
             ... invoked by an orc priest
              (13 damage)
             ... on level 10 of the Dungeon.
             The game lasted 00:28:20 (7288 turns).

Revguard the Carver (Demonspawn Gladiator)          Turns: 7288, Time: 00:28:21

HP:   -9/91 (93)    AC: 10    Str: 15    XL:     12   Next: 19%
MP:   17/28         EV: 16    Int: 13    God:    Uskayaw [*.....]
Gold: 567           SH:  0    Dex: 18    Spells: 21/21 levels left

rFire   . . .        t - +4 long sword
rCold   x . .        (no shield)
rNeg    . . .        b - +0 troll leather armour
rPois   .            n - +1 helmet {Int+3}
rElec   +            f - +1 cloak "Soikh" {rElec rC- Will+++ Regen+}
rCorr   .            (no gloves)
SInv    .            (no boots)
Will    +++..        (no amulet)
Stlth   +++          k - ring of magical power
HPRegen 1.95/turn    (no ring)
MPRegen 0.21/turn

%: no passive effects
@: lethally poisoned (-9 -> -11), slowed, lightly drained, very slow
A: hooves 2, rugged brown scales 2, foul stench 1, demonic magic 2, mutation
resistance 1
a: Renounce Religion, Stomp


You were on level 10 of the Dungeon.
You worshipped Uskayaw.
Uskayaw was aware of your devotion.
You visited 2 branches of the dungeon, and saw 11 of its levels.

You collected 567 gold pieces.

Inventory:

Hand Weapons
 t - a +4 long sword (weapon)
Missiles
 d - 15 throwing nets (quivered)
 e - 6 javelins
Armour
 b - a +0 troll leather armour (worn)
 c - a +0 helmet
 f - the +1 cloak "Soikh" (worn) {rElec rC- Will+++ Regen+}
   (You found it on level 3 of the Dungeon)

   rC-:       It makes you vulnerable to cold.
   rElec:     It insulates you from electricity.
   Will+++:   It greatly increases your willpower.
   Regen+:    It increases your rate of health regeneration.
 n - a +1 helmet of intelligence (worn)
 F - +0 steam dragon scales
Jewellery
 a - the amulet of Sum Kyawn {Spirit rElec rF- rCorr Str+2}
   (You found it on level 8 of the Dungeon)

   [amulet of guardian spirit]

   Spirit:    It causes incoming damage to be divided between your reserves of
   health and magic.
   Str+2:     It affects your strength (+2).
   rF-:       It makes you vulnerable to fire.
   rElec:     It insulates you from electricity.
   rCorr:     It protects you from acid and corrosion.
 k - a ring of magical power (left hand)
 p - an amulet of the acrobat
 r - a ring of magical power
Wands
 l - a wand of iceblast (19)
 m - a wand of polymorph (11)
 v - a wand of acid (6)
 w - a wand of flame (34)
Scrolls
 h - 2 scrolls of amnesia
 i - 5 scrolls of teleportation
 j - a scroll of fog
 o - a scroll of vulnerability
 q - a scroll of torment
 y - 2 scrolls of silence
Potions
 g - a potion of curing
 s - a potion of ambrosia
 u - a potion of magic
 z - a potion of enlightenment
 A - 2 potions of might
 C - 2 potions of berserk rage


   Skills:
 + Level 6.8 Fighting
 * Level 9.0 Long Blades
 - Level 1.7 Throwing
 + Level 5.7 Armour
 * Level 8.4 Dodging
 + Level 6.5 Stealth
 + Level 5.0 Spellcasting
 + Level 6.1 Necromancy
 + Level 8.2 Invocations
 - Level 2.8 Evocations


You had 21 spell levels left.
You didn't know any spells.
Your spell library contained the following spells:

 Spells                   Type           Power      Damage    Failure   Level
 Fugue of the Fallen      Necr           19%        N/A       5%          3
 Magic Dart               Conj           12%        1d3       22%         1
 Summon Small Mammal      Summ           12%        N/A       22%         1
 Blink                    Tloc           6%         N/A       32%         2
 Call Imp                 Summ           6%         N/A       32%         2
 Ensorcelled Hibernation  Hex/Ice        6%         N/A       32%         2
 Jinxbite                 Hex            6%         N/A       32%         2
 Mercury Vapours          Alch/Air       6%         N/A       32%         2
 Call Canine Familiar     Summ           3%         N/A       54%         3
 Gell's Gravitas          Tloc           3%         N/A       54%         3
 Mephitic Cloud           Conj/Alch/Air  3%         N/A       54%         3
 Teleport Other           Tloc           3%         N/A       54%         3
 Anguish                  Hex/Necr       5%         N/A       54%         4
 Summon Blazeheart Golem  Fire/Summ      3%         N/A       91%         4
 Freezing Cloud           Conj/Ice/Air   1%         6-21      99%         5
 Yara's Violent Unravell  Hex/Alch       1%         3d3       99%         5
 Dispersal                Tloc           1%         N/A       100%        6
 Enfeeble                 Hex            1%         N/A       100%        7


Dungeon Overview and Level Annotations

Branches:
Dungeon (10/15)            Temple (1/1) D:5             Orc (0/2) D:9
   Lair: D:8-11

Altars:
Ashenzari
Cheibriados
Dithmenos
Fedhas
Gozag
Hepliaklqana
Kikubaaqudgha
Makhleb
Nemelex Xobeh
Okawaru
Qazlal
Ru
Sif Muna
Trog
Uskayaw
Vehumet
Wu Jian
Xom
Yredelemnul

Portals:
Trove: D:10 (give 7 scrolls of fog)

Annotations:
D:10 Sonja


Innate Abilities, Weirdness & Mutations

You have hoof-like feet.
You are mostly covered in rugged brown scales. (AC +2, +5% HP)
You may rarely emit foul miasma when damaged in melee.
Spells you cast may paralyse nearby enemies.
You are somewhat resistant to further mutation.


Message History

Sonja says, "I'm academy-trained, you know."
The wight misses you.
An orc comes into view. It is wielding a +0 short sword.
An orc priest comes into view. It is wielding a +0 whip.
The orc priest completely misses you.
Your life force feels restored.
Okay, then.
Okay, then.
You feel sick.
The orc priest calls down the wrath of Beogh upon you.
You resist with almost no effort.
You feel sick. The wight attacks as it pursues you!
The wight hits you with a +3 morningstar.
* * * LOW HITPOINT WARNING * * *
You feel drained.
The orc priest casts a cantrip, but nothing happens.
An orc priest comes into view. It is wielding a +0 dagger.
You feel sick.
You are no longer poisoned.
Sonja hits you with a +2 short sword of venom.
* * * LOW HITPOINT WARNING * * *
You are poisoned.
Sonja completely misses you. Sonja closely misses you.
Aiming: Line Pass
Press: ? - help, Dir - move target, p - orc priest Sonja appears confused.
The orc priest appears confused.
Found a portal to a secret trove of treasure.
You can no longer pass through a line of other dancers.
You feel very sick.
The orc priest begins to cast a cantrip, but forgets the words!
The orc priest barely misses you. Sonja misses you. x2
Sonja hits you but does no damage.
You are more poisoned.
Sonja hits herself with a +2 short sword of venom!
Sonja looks as sick as possible!
Sonja hits herself but does no damage.
Sonja looks as sick as possible!
Sonja misses herself.
The orc priest calls down the wrath of Beogh upon you.
Beogh smites you!
You die...
Your body falls in perfect tune with the rhythm.

#.).....+ ####.......#
. #..........# ..##
#######>##.......#
...#
#..........<.....#
#..#..##....##.......#
#.... #.###########.#
###...####.# #
#.∩....@#((#
#..##.oKz..# ##...o..#
#..#..o.####
#..##..)....# ....#
#..)>##..# ..####
#....# #.... #...o#
...... #..$.o .....


You could see Sonja (confused, extremely poisoned), a wight, 3 orc priests and
an orc.

Vanquished Creatures
  The ghost of HourglassMan the Destroyer, a novice NaCj (D:9)
  A two-headed ogre (D:8)
  Pikel (D:4)
  Maurice (D:7)
  A meliai (shapeshifter) (D:8)
  A cyclops (D:9)
  Joseph (D:7)
  A kobold demonologist (D:9)
  5 trolls
  Sigmund (D:4)
  3 wraiths
  A vampire (D:9)
  3 shadows (D:9)
  A wyvern (D:9)
  7 yaks
  A steam dragon (D:8)
  2 water moccasins
  Duvessa (D:3)
  A black bear (D:6)
  2 ice beasts (D:5)
  4 ogres
  3 centaurs (D:7)
  4 lemures (D:4)
  5 gnoll sergeants
  4 kobold brigands
  6 bullfrogs
  2 scorpions (D:5)
  11 wights
  Dowan (D:3)
  2 electric eels (D:8)
  4 bombardier beetles
  A lava snake (D:8)
  2 jellies (D:7)
  Crazy Yiuf (D:4)
  3 gnoll boudas
  11 hounds
  4 orc priests
  3 iguanas
  5 orc wizards
  39 gnolls
  4 adders
  3 shadow imps
  A white imp (D:8)
  2 ribbon worms
  30 orcs
  3 bats
  7 endoplasms
  A giant cockroach (D:2)
  2 goblins
  3 hobgoblins
  9 jackals
  A quokka (D:2)
  8 ball pythons
  2 frilled lizards (D:2)
  11 kobolds
  3 rats
241 creatures vanquished.

Vanquished Creatures (others)
  A wight (D:7)
  An orc wizard (D:7)
  3 orcs (D:7)
5 creatures vanquished.

Grand Total: 246 creatures vanquished

Notes
Turn   | Place    | Note
-------+----------+-------------------------------------------
     0 | D:1      | Revguard the Demonspawn Gladiator began the quest for the
                  | Orb.
     0 | D:1      | Reached XP level 1. HP: 16/16 MP: 1/1
    67 | D:1      | You fall into a shaft and drop 1 floor!
   102 | D:2      | Gained mutation: You are partially covered in rugged brown
                  | scales. (AC +1, +3% HP) [demonic ancestry]
   102 | D:2      | Reached XP level 2. HP: 6/22 MP: 2/2
   440 | D:2      | Reached skill level 3 in Long Blades
   518 | D:2      | Reached skill level 1 in Invocations
   518 | D:2      | Reached XP level 3. HP: 27/27 MP: 3/3
   739 | D:2      | Reached skill level 1 in Stealth
   877 | D:3      | Reached skill level 1 in Armour
   877 | D:3      | Reached skill level 1 in Evocations
   877 | D:3      | Reached XP level 4. HP: 35/35 MP: 3/5
  1119 | D:3      | Gained mutation: You have large cloven feet. [demonic
                  | ancestry]
  1119 | D:3      | Reached XP level 5. HP: 40/40 MP: 6/6
  1470 | D:3      | Identified the +1 cloak "Soikh" {rElec rC- Will+++ Regen+}
  1734 | D:4      | Noticed Sigmund
  1744 | D:4      | Killed Sigmund
  1745 | D:4      | Reached skill level 4 in Long Blades
  1745 | D:4      | Gained mutation: You are mostly covered in rugged brown
                  | scales. (AC +2, +5% HP) [demonic ancestry]
  1745 | D:4      | Reached XP level 6. HP: 42/49 MP: 7/7
  1821 | D:4      | Noticed Pikel
  1904 | D:4      | Killed Pikel
  1905 | D:4      | Gained mutation: Spells you cast may paralyse adjacent
                  | enemies. [demonic ancestry]
  1905 | D:4      | Reached XP level 7. HP: 17/54 MP: 7/9
  2106 | D:4      | Found a runed translucent door.
  2107 | D:4      | Noticed Crazy Yiuf
  2112 | D:4      | Killed Crazy Yiuf
  2214 | D:4      | Noticed Duvessa
  2214 | D:4      | Noticed Dowan
  2238 | D:3      | Killed Dowan
  2239 | D:3      | Reached skill level 5 in Long Blades
  2247 | D:3      | Killed Duvessa
  2248 | D:3      | Gained mutation: Spells you cast may paralyse nearby
                  | enemies. [demonic ancestry]
  2248 | D:3      | Reached XP level 8. HP: 29/63 MP: 10/10
  2367 | D:5      | Entered Level 5 of the Dungeon
  2393 | D:5      | Reached skill level 1 in Necromancy
  2418 | D:5      | Found a staircase to the Ecumenical Temple.
  2438 | Temple   | Entered the Ecumenical Temple
  2448 | Temple   | Became a worshipper of Uskayaw the Reveller
  2467 | D:5      | Found a snail-covered altar of Cheibriados.
  2550 | D:5      | Reached * piety under Uskayaw
  2613 | D:5      | Reached skill level 1 in Spellcasting
  2613 | D:5      | Reached ** piety under Uskayaw
  2616 | D:5      | Reached *** piety under Uskayaw
  2629 | D:5      | Reached **** piety under Uskayaw
  3309 | D:5      | Found a burning altar of Makhleb.
  3311 | D:5      | Found a bloodstained altar of Trog.
  3903 | D:6      | Reached skill level 5 in Dodging
  3903 | D:6      | Gained mutation: You may rarely emit foul miasma when
                  | damaged in melee. [demonic ancestry]
  3903 | D:6      | Reached XP level 9. HP: 32/69 MP: 12/12
  4594 | D:7      | Reached skill level 6 in Long Blades
  4672 | D:7      | Reached skill level 5 in Invocations
  4769 | D:7      | Noticed Maurice
  4776 | D:7      | Maurice stole an amulet of the acrobat
  4778 | D:7      | Maurice stole 6 javelins
  4780 | D:7      | Found a shimmering altar of Xom.
  4794 | D:7      | Something stole 360 gold
  4806 | D:7      | Killed Maurice
  4815 | D:7      | Noticed Joseph
  4839 | D:7      | Killed Joseph
  4924 | D:7      | Reached skill level 5 in Fighting
  5229 | D:8      | Reached ***** piety under Uskayaw
  5237 | D:8      | Reached XP level 10. HP: 42/77 MP: 13/14
  5692 | D:8      | Reached skill level 7 in Long Blades
  5864 | D:8      | Noticed a black mamba
  5875 | D:8      | Noticed a two-headed ogre
  5884 | D:8      | Killed a two-headed ogre
  5885 | D:8      | Reached skill level 5 in Stealth
  5892 | D:8      | a black mamba changed into something unseen
  5894 | D:8      | Noticed a meliai
  5906 | D:8      | HP: 1/77 [poisoned by a meliai]
  5907 | D:8      | Killed a meliai
  5918 | D:8      | Identified the amulet of Sum Kyawn {Spirit rElec rF- rCorr
                  | Str+2}
  6276 | D:8      | Reached skill level 8 in Long Blades
  6276 | D:8      | Reached skill level 5 in Armour
  6276 | D:8      | Reached skill level 5 in Necromancy
  6276 | D:8      | Reached XP level 11. HP: 85/85 MP: 17/17
  6278 | D:8      | Gained mutation: You sometimes lose your temper in combat.
                  | [potion of mutation]
  6278 | D:8      | Gained mutation: You are agile. (Dex +4, Str/Int -1)
                  | [potion of mutation]
  6279 | D:8      | Lost mutation: You are agile. (Dex +4, Str/Int -1) [potion
                  | of mutation]
  6279 | D:8      | Lost mutation: You sometimes lose your temper in combat.
                  | [potion of mutation]
  6279 | D:8      | Gained mutation: You are somewhat resistant to further
                  | mutation. [potion of mutation]
  6492 | D:9      | Found a runed translucent gate.
  6492 | D:9      | Found a runed translucent gate.
  6492 | D:9      | Found a runed translucent gate.
  6519 | D:9      | Noticed HourglassMan's ghost (novice NaCj)
  7082 | D:9      | Gained mutation: You have hoof-like feet. [demonic
                  | ancestry]
  7082 | D:9      | Reached XP level 12. HP: 92/93 MP: 19/19
  7099 | D:9      | Killed HourglassMan's ghost
  7131 | D:9      | Found a hazy altar of Hepliaklqana.
  7185 | D:9      | Found a staircase to the Orcish Mines.
  7192 | D:9      | Reached skill level 5 in Spellcasting
  7254 | D:10     | Entered Level 10 of the Dungeon
  7274 | D:10     | Noticed Sonja
  7282 | D:10     | Reached skill level 9 in Long Blades
  7287 | D:10     | HP: 4/91 [Sonja/+2 short sword of venom (5)]
  7288 | D:10     | Found a portal to a secret trove of treasure.
  7288 | D:10     | Killed from afar by an orc priest

Illustrated notes

Levels and vault maps discovered:
D:1:      tarquinn_simple_flora_water_e, layout_basic,
          hellmonk_ecumenical_altar_blasted, minmay_misc_feat_tower
D:2:      layout_basic, minivault_24
D:3:      layout_loops_cross, serial_forest, infiniplex_forest_end_2,
          infiniplex_forest_clump_small, infiniplex_forest_corner_1,
          infiniplex_forest_clump_curved, infiniplex_forest_lined_room_2,
          fountainhead, nicolae_grassy_gnolls
D:4:      layout_cave_pools, serial_park, serial_park_paths
          [serial_park_minivault_5x5_2], serial_park_avenue1,
          serial_park_square2, serial_park_tiny_1, uniq_duvessa,
          uniq_crazy_yiuf_cottage, uniq_sigmund, uniq_pikel
D:5:      layout_basic, mainiacjoe_overflow_tiny_flanked, jmf_multi_god_temple,
          minmay_temple_entry_junction
D:6:      layout_loops_cross, zin_treasury,
          serial_library_hellmonk_long_bookcase
D:7:      layout_cave_pools, nicolae_overflow_crystal_walls, uniq_joseph,
          uniq_maurice
D:8:      minmay_clustersquares, layout_cave_pools, serial_gnoll_camp,
          gnoll_camp_mini_doghouse, gnoll_camp_medium_02, gnoll_camp_huts_moat,
          gnoll_camp_mini_hut, nicolae_lava_and_water
D:9:      layout_irregular_city, mainiacjoe_overflow_alcove_2,
          kennysheep_orc_monster_closet_entryway, gammafunk_ghost_spectres,
          enter_bailey_2, grunt_ministairs_15, st_stairs_9
D:10:     layout_rooms, lair_entry_dummy, enter_trove_0, minmay_the_grid_2x2
          [minmay_the_grid_medium_cups, minmay_the_grid_minigrid_large,
          minmay_the_grid_rooms, minmay_the_grid_prize_diamond_cup], uniq_sonja
Temple:   compressed_dpeg_triangle_lava_temple

Skill      XL: |  1  2  3  4  5  6  7  8  9 10 11 12 |
---------------+-------------------------------------+-----
Long Blades    | 3 4 5 6 8 9 |  9.0
Invocations    | 1 2 3 4 5 7 8 |  8.2
Stealth        | 1 2 3 4 5 6 |  6.5
Dodging        | 3 4 5 6 7 8 |  8.4
Armour         | 1 2 3 4 5 |  5.7
Evocations     | 1 2 |  2.8
Fighting       | 3 4 5 6 |  6.8
Necromancy     | 2 3 5 6 |  6.1
Spellcasting   | 1 3 4 5 |  5.0
Throwing       | |  1.7

Action                     |  1- 3 |  4- 6 |  7- 9 | 10-12 || total
---------------------------+-------+-------+-------+-------++-------
  Melee: Long sword        |    65 |   146 |   371 |   227 ||   809
         Kick              |       |    35 |   130 |    70 ||   235
 Invoke: Stomp             |       |       |     8 |    23 ||    31
         Line Pass         |       |       |     1 |     4 ||     5
  Evoke: Wand              |       |     3 |     5 |     8 ||    16
    Use: Scroll            |     3 |     2 |     6 |     3 ||    14
         Potion            |     1 |     5 |     2 |     7 ||    15
   Stab: Invisible         |     1 |     6 |       |       ||     7
         Sleeping          |       |     1 |     3 |     2 ||     6
         Paralysed         |       |       |     7 |    14 ||    21
         Confused          |       |       |       |     1 ||     1
 Armour: Leather armour    |    24 |       |       |       ||    24
         Ring mail         |    32 |   142 |   337 |    96 ||   607
         Steam dragon scal |       |       |       |    78 ||    78
         Troll leather arm |       |       |       |    75 ||    75
  Dodge: Dodged            |    58 |   137 |   299 |   287 ||   781

Table legend: (Time is in decaauts)
 A = Elapsed time spent in this place.
 B = Non-inter-level travel time spent in this place.
 C = Inter-level travel time spent in this place.
 D = Time resting spent in this place.
 E = Time spent auto-exploring this place.
 F = Levels seen in this place.
 G = Mean time per level.
                   A        B        C        D        E       F      G
               +--------+--------+--------+--------+--------+-----+--------+
         Total |   7397 |   7164 |    233 |    456 |   4398 |  11 |  672.5 |
       Dungeon |   7380 |   7147 |    233 |    456 |   4398 |  10 |  738.0 |
        Temple |     16 |     16 |      0 |      0 |      0 |   1 |   16.0 |
               +--------+--------+--------+--------+--------+-----+--------+

Top non-repeatable levels by time:
     D:8: 1172 daAuts
     D:5: 1165 daAuts
     D:3: 984 daAuts
     D:9: 953 daAuts
     D:6: 857 daAuts
     D:2: 758 daAuts
     D:7: 737 daAuts
     D:4: 647 daAuts
     D:1: 68 daAuts
    D:10: 36 daAuts
  Temple: 16 daAuts
